 Dungeon Crawl Stone Soup version 0.32-a0-918-g0f22ef8d61 (webtiles) character file.

Game seed: 12088452146456944331

317 Ajdolov the Trooper (level 6, -8/53 HPs)
             Began as an Armataur Monk on Apr 9, 2024.
             Killed by divine providence
             ... invoked by an orc priest
              (12 damage)
             ... on level 4 of the Dungeon on Apr 10, 2024.
             The game lasted 00:06:39 (3898 turns).

Ajdolov the Trooper (Armataur Monk)                 Turns: 3898, Time: 00:06:40

Health: -8/53      AC:  5    Str: 19    XL:     6   Next: 20%
Magic:  6/6        EV:  9    Int: 10    God:
Gold:   187        SH:  0    Dex: 18    Spells: 5/5 levels left

rFire   . . .        B - +0 flail
rCold   . . .        d - orb {light}
rNeg    . . .        h - +1 robe {Will+}
rPois   .            (no helmet)
rElec   .            (no cloak)
rCorr   .            (no gloves)
SInv    .            (no barding)
Will    +....        (no amulet)
Stlth   +            k - ring of flight
HPRegen 0.28/turn    p - +6 ring of dexterity
MPRegen 0.10/turn

%: roll
@: flying, glowing
A: large, deformed body, tough skin 3, armoured tail, rollpage 1
a: Convert to Beogh


You were on level 4 of the Dungeon.
You visited 1 branch of the dungeon, and saw 4 of its levels.

You collected 187 gold pieces.

Inventory:

Hand Weapons
 B - a +0 flail (weapon)
Missiles
 q - 6 boomerangs (quivered)
Armour
 d - an orb of light (worn)
 h - a +1 robe of willpower (worn)
 i - a +0 tower shield
Jewellery
 k - a ring of flight (left hand)
 p - a +6 ring of dexterity (right hand)
 s - a ring of magical power
 v - a ring of resist corrosion
Wands
 u - a wand of warping (12)
Scrolls
 e - 7 scrolls of identify {unknown}
 f - 2 scrolls of poison {unknown}
 j - a scroll of enchant armour {unknown}
 l - 4 scrolls of blinking {unknown}
 m - 2 scrolls of vulnerability {unknown}
 t - 3 scrolls of noise {unknown}
 y - a scroll of amnesia {unknown}
 z - a scroll of enchant weapon {unknown}
 A - a scroll of summoning {unknown}
Potions
 a - a potion of brilliance {unknown}
 b - 2 potions of invisibility {unknown}
 c - a potion of ambrosia
 g - 3 potions of haste {unknown}
 n - 2 potions of might {unknown}
 o - a potion of mutation {unknown}
 r - 2 potions of attraction {unknown}
 w - a potion of lignification {unknown}
 x - a potion of degeneration {unknown}


   Skills:
 + Level 4.5 Fighting
 + Level 4.5 Maces & Flails
 - Level 2.1 Dodging
 + Level 2.3 Evocations


You had 5 spell levels left.
You didn't know any spells.
Your spell library contained the following spells:

 Spells                   Type           Power      Damage    Failure   Level
 Foxfire                  Conj/Fire      0%         2x1d4     36%         1
 Animate Dead             Necr           0%         N/A       98%         4
 Borgnjor's Vile Clutch   Necr/Erth      0%         N/A       100%        5
 Death Channel            Necr           0%         N/A       100%        6
 Plasma Beam              Fire/Air       0%         2x1d10    100%        6
 Starburst                Conj/Fire      0%         6d3       100%        6


Dungeon Overview and Level Annotations

Branches:
Dungeon (4/15)
 Temple: D:4-7

Altars:
Cheibriados
Trog
Uskayaw
Zin


Innate Abilities, Weirdness & Mutations

Armour fits poorly on your strangely shaped body.
You have extremely tough skin. (AC +3)
You have a long armoured tail.
You regenerate magic when rolling toward enemies. (Rampage MPRegen)


Message History

The orc priest hits you with a +0 whip.
An orc wizard comes into view.
It is wielding a +0 dagger and wearing a +0 robe of fire resistance.
The orc priest shouts, "The Pantheon deserves no one's loyalty.
Let us show you the true path!"
You hit the orc priest but do no damage.
The orc priest is severely wounded.
The orc wizard casts a spell.
The orc wizard flickers and vanishes!
Deactivating autopickup; reactivate with Ctrl-A.
The orc priest hits you with a +0 whip.
* * * LOW HITPOINT WARNING * * *
The orc priest shouts, "Beogh offers mercy even to people such as you.
Join us and be reborn!"
You barely miss the orc priest.
The orc priest is severely wounded.
The orc priest barely misses you.
The orc priest mumbles some strange prayers to Beogh against you.
You resist with some effort.
Unknown command.
You hit the orc priest.
The orc priest is almost dead.
The orc priest calls down the wrath of Beogh upon you.
You resist with some effort.
Unknown command.
Okay, then.
Aiming: Warp Space
Press: ? - help, Shift-Dir - straight line Space twists violently!
The rupture engulfs the orc priest!
The orc priest blinks!
You kill the orc priest!
The rupture engulfs the orc!
The orc blinks!
You kill the orc!
The orc priest invokes the aid of Beogh against you.
Beogh smites you!
* * * LOW HITPOINT WARNING * * *
You hear a shout!
An orc priest comes into view. It is wielding a +0 mace.
The orc priest invokes the aid of Beogh against you.
You resist with some effort.
The orc priest calls down the wrath of Beogh upon you.
Beogh smites you!
You die...

.....### ##...#
..#....####...#
######...#...#
# ##......##
##........##
#..........##
#.......#...##
##......###..##
#......# ##.@##
##...>.# ##..##
##..### ##..###
#.. #..#
###.)## #..#
... ##..## #..#
##..## #..#
##o{###..#
##o...)#
##...##


You could see 2 orc priests.

Vanquished Creatures
  A scorpion (D:4)
  A hound (D:4)
  An orc priest (D:4)
  A sleepcap (D:3)
  Jessica (D:3)
  Terence (D:2)
  6 gnolls
  An adder (D:3)
  A dart slug (D:1)
  A ribbon worm (D:2)
  An orc (D:4)
  10 ball pythons
  7 bats
  6 endoplasms
  4 giant cockroaches
  8 hobgoblins
  2 jackals (D:1)
  4 kobolds
  4 quokkas
  4 frilled lizards
  8 goblins
  6 rats
79 creatures vanquished.

Notes
Turn   | Place    | Note
-------+----------+-------------------------------------------
     0 | D:1      | Ajdolov the Armataur Monk began the quest for the Orb.
     0 | D:1      | Reached XP level 1. HP: 18/18 MP: 1/1
   278 | D:1      | Reached XP level 2. HP: 26/26 MP: 2/2
   717 | D:1      | Reached XP level 3. HP: 31/31 MP: 3/3
  1183 | D:2      | Found a bloodstained altar of Trog.
  1329 | D:2      | Noticed Terence
  1341 | D:2      | Killed Terence
  1720 | D:2      | Reached XP level 4. HP: 40/40 MP: 4/4
  2163 | D:3      | Noticed Jessica
  2172 | D:3      | Killed Jessica
  2277 | D:3      | Found a hide-covered altar of Uskayaw.
  3211 | D:4      | Noticed a scorpion
  3270 | D:3      | Reached skill level 1 in Evocations
  3270 | D:3      | Reached XP level 5. HP: 30/46 MP: 5/5
  3668 | D:4      | Found a snail-covered altar of Cheibriados.
  3668 | D:4      | Found a bloodstained altar of Trog.
  3669 | D:4      | Found a glowing silver altar of Zin.
  3766 | D:4      | Reached XP level 6. HP: 41/53 MP: 6/6
  3892 | D:4      | HP: 2/53 [orc priest/divine providence (13)]
  3898 | D:4      | Killed from afar by an orc priest

Illustrated notes

Levels and vault maps discovered:
D:1:      wheals_arrival_linesprint, layout_basic
D:2:      layout_basic, basic_altar, uniq_terence
D:3:      layout_basic, eat_drink_and_be_merry_uskayaw, interstate_on_off,
          serial_bayou_pond_e, uniq_jessica
D:4:      layout_cave_pods, gammafunk_temple_overflow_claw,
          gup_sewer_entry_spiral

Skill      XL: |  1  2  3  4  5 |
---------------+----------------+-----
Fighting       | 3 4 |  4.5
Maces & Flails | 3 4 |  4.5
Evocations     | 1 2 |  2.3
Dodging        | |  2.1

Action                     |  1- 3 |  4- 6 || total
---------------------------+-------+-------++-------
  Melee: Mace              |    85 |    45 ||   130
         Tailslap          |    13 |    18 ||    31
         Flail             |       |    62 ||    62
  Evoke: Wand              |       |     1 ||     1
 Armour: Robe              |    50 |    78 ||   128
         Leather armour    |     3 |       ||     3
  Dodge: Dodged            |    31 |    46 ||    77

Table legend: (Time is in decaauts)
 A = Elapsed time spent in this place.
 B = Non-inter-level travel time spent in this place.
 C = Inter-level travel time spent in this place.
 D = Time resting spent in this place.
 E = Time spent auto-exploring this place.
 F = Levels seen in this place.
 G = Mean time per level.
                   A        B        C        D        E       F      G
               +--------+--------+--------+--------+--------+-----+--------+
         Total |   3941 |   3496 |    445 |    220 |   2596 |   4 |  985.2 |
       Dungeon |   3941 |   3496 |    445 |    220 |   2596 |   4 |  985.2 |
               +--------+--------+--------+--------+--------+-----+--------+

Top non-repeatable levels by time:
     D:3: 1494 daAuts
     D:1: 1186 daAuts
     D:2: 899 daAuts
     D:4: 361 daAuts
